 Dungeon Crawl Stone Soup version 0.16-a0-2093-g8c923f7 (webtiles) character file.

12 PolkaDot the Caller (level 2, 0/20 HPs)
             Began as a Vampire Summoner on Nov 12, 2014.
             Slain by a goblin
             ... wielding a +0 club
              (4 damage)
             ... on level 1 of the Dungeon.
             The game lasted 00:01:42 (982 turns).

PolkaDot the Caller (Vampire Summoner)               Turns: 982, Time: 00:01:42

Health: 0/20       AC:  2    Str:  7    XL:     2   Next: 20%
Magic:  2/4        EV: 12    Int: 17    God:
Gold:   9          SH:  0    Dex: 14    Spells: 2 memorised, 2 levels left

rFire  . . .     SeeInvis +     d - -2 club (curse)
rCold  . . .     Clarity  .     a - +0 robe
rNeg   + . .     SustAb   .     (no shield)
rPois  .         Gourm    .     (no helmet)
rElec  .         Spirit   .     (no cloak)
rCorr  .         Warding  .     (no gloves)
rMut   .         Stasis   .     (no boots)
MR     .....                    (no amulet)
Stlth  ++........               (no ring)
                                (no ring)

@: not resistant to hostile enchantments, unstealthy
A: fangs 3, see invisible, unbreathing
a: no special abilities


You were on level 1 of the Dungeon.
You were not thirsty.

You visited 1 branch of the dungeon, and saw 1 of its levels.

You collected 9 gold pieces.

Inventory:

Hand weapons
 d - a cursed -2 club (weapon)
Armour
 a - a +0 robe (worn)
Scrolls
 f - a scroll of recharging {unknown}
Potions
 c - a potion of might {unknown}
 e - a potion of curing {unknown}
 g - 2 potions of confusion {unknown}
Books
 b - a book of Callings

   Spells                             Type                      Level
   *Summon Small Mammal               Summoning                    1
   *Call Imp                          Summoning                    2
   Call Canine Familiar               Summoning                    3
   Summon Guardian Golem              Hexes/Summoning              4
   Summon Lightning Spire             Summoning/Air                4
   Summon Ice Beast                   Ice/Summoning                4


   Skills:
 + Level 0.6 Fighting
 - Level 2.1 Dodging
 - Level 3.0 Stealth
 - Level 2.0 Spellcasting
 * Level 4.4 Summonings


You had 2 spell levels left.
You knew the following spells:

 Your Spells              Type           Power        Failure   Level  Hunger
a - Summon Small Mammal   Summ           ###.         3%          1    #......
s - Call Imp              Summ           ###.....     6%          2    ###....


Dungeon Overview and Level Annotations

Branches:
Dungeon (1/15)

Altars:


Innate Abilities, Weirdness & Mutations

You have razor-sharp teeth.
You have supernaturally acute eyesight.
You can survive without breathing.


Message History

Drink blood from a giant gecko corpse? (ye/n/q/i?) This blood tastes delicious!
You feel quite a bit less thirsty.
The goblin hits your quokka with a club.
Your quokka closely misses the goblin. x2
You continue drinking.
Your quokka bites the goblin.
The goblin hits your quokka with a club.
Your quokka dies!
Your quokka's corpse disappears in a puff of smoke!
You finish drinking.
Your quokka misses the goblin.
Your quokka bites the goblin.
You hit the goblin but do no damage. Your bite misses the goblin.
The goblin is moderately wounded.
The goblin hits you with a club.
* * * LOW HITPOINT WARNING * * *
Your quokka bites the goblin.
You hit the goblin but do no damage. Your bite misses the goblin.
The goblin is heavily wounded.
Your quokka bites the goblin.
The goblin hits you with a club.
You die...

#.# .#. ##.##
...#. #...#
#.##.## #...# #.#
..# #...# #.# #.#
##...#####.###.###
.........#.......#
...............rg#
.........#..##.#@#
##...#####..#..#.#
##...## #..#r##.#
......# #.....[.#
.#....# ##......#
.##.#.# ###.####
....#.# #.....#
......# #.....#
.#.##.# #.......


You could see a goblin and a friendly quokka.

Vanquished Creatures
  A ball python (D:1)
  A bat (D:1)
  A hobgoblin (D:1)
  3 giant cockroaches (D:1)
  A goblin (D:1)
  2 rats (D:1)
9 creatures vanquished.

Vanquished Creatures (collateral kills)
  A giant gecko (D:1)
  2 hobgoblins (D:1)
3 creatures vanquished.

Vanquished Creatures (others)
  A quokka (D:1)
1 creature vanquished.

Grand Total: 13 creatures vanquished

Notes
Turn   | Place    | Note
--------------------------------------------------------------
     0 | D:1      | PolkaDot, the Vampire Summoner, began the quest for the Orb.
     0 | D:1      | Reached XP level 1. HP: 13/13 MP: 3/3
   894 | D:1      | Reached XP level 2. HP: 20/20 MP: 4/4
   901 | D:1      | Learned a level 2 spell: Call Imp
   982 | D:1      | Slain by a goblin

Action                   || total
-------------------------++-------
Melee: Club              ||    68
       Unarmed           ||    11
 Cast: Summon Small Mamm ||     8
  Use: Potion            ||     1
 Stab: Sleeping          ||     1
  Eat: Corpse            ||     2
